Moray, chaotic male elven Priest -------- ----- |......| |...| #........# |....# #|......|# --.--# #---.----# # # ### # # # # # ## # # # ## ---------|--# # # |^.........|# # h |.>........|# # ##@ |..........|# # #--------------- |..........|### # #|.............| |..........| # # #|.............| ------------ ###------# #|.............| #......# #..............| |...<| |.............| ------ --------------- Moray the Acolyte Experience level: 4 Strength: 13 Dexterity: 11 Constitution: 20 Intelligence: 10 Wisdom: 15 Charisma: 11 Health: 0(37) Energy: 34(48) Def: 9 Gold: 511 Moves: 2672 Dungeon seed: GBujSgUhP0v8jGY- Game ID: Moray_1615238858 Your Inventory: Coins $ - 511 gold pieces Amulets l - a cursed amulet of change G - a cursed amulet of change Weapons a - a blessed +1 mace (weapon in hand) j - 4 +0 orcish daggers (in quiver) m - a +0 morning star t - a +0 dagger (alternate weapon; not wielded) B - a +0 elven dagger Armor e - a blessed +0 robe (being worn) n - a +0 small shield (being worn) q - a +0 orcish helm r - a +0 orcish helm y - a +0 leather armor (being worn) z - a blessed +3 orcish helm (being worn) D - a +0 orcish helm J - a +0 orcish helm Comestibles c - a clove of garlic d - 2 sprigs of wolfsbane i - a banana p - a food ration E - a fortune cookie H - a tripe ration Spellbooks f - a spellbook of remove curse g - a spellbook of healing o - a spellbook of force bolt Potions b - 4 potions of holy water s - a potion of water Rings v - a blessed +4 ring of gain constitution (on left hand) K - a ring of sustain ability Wands I - a wand of cancellation (0:5) Tools h - a tooled horn C - a skeleton key Gems w - a worthless piece of yellowish brown glass F - a worthless piece of black glass N - 2 worthless pieces of orange glass Y - a worthless piece of violet glass Spells and supernatural/magical abilities: Name Level Category Fail Memory h - healing 1 healing 0% 87% r - remove curse 3 clerical 0% 87% W - pray for help -- divine ? -- X - turn undead -- divine ? -- Your skills at the end: Fighting Skills Weapon Skills mace [Basic] Spellcasting Skills clerical spells [Basic] Final Attributes: You were piously aligned. You were sleep resistant. You had infravision. You are dead. Vanquished creatures: a small mimic a kitten a kobold lord a giant bat a hobbit a giant rat a gecko 3 jackals 2 foxes 6 goblins 2 sewer rats 4 grid bugs a lichen a kobold zombie 2 newts 28 creatures vanquished. Voluntary challenges: You were an atheist. You used a wielded weapon 45 times, starting on turn 29. You read items or engraved 1 time, starting on turn 2114. You never genocided any monsters. You never polymorphed an object. You never changed form. You used no wishes. You never split a pudding. You never wrote Elbereth's name. You never violated your personal moral code. Dungeon overview: The Dungeons of Doom: levels 1 to 6 Level 1 some fountains a long staircase Level 2 a potion shop, some fountains Level 3 a long staircase Level 4 Level 5 <- You were here Level 6 History has recorded: On T:1 you entered the Dungeons of Doom to retrieve the Amulet of Yendor! On T:297 you reached level 2 of The Dungeons of Doom. On T:637 you advanced to experience level 2. On T:974 you advanced to experience level 3. On T:1025 you reached level 3 of The Dungeons of Doom. On T:1500 you advanced to experience level 4. On T:1569 you reached level 4 of The Dungeons of Doom. On T:1743 you reached level 6 of The Dungeons of Doom. On T:1846 you reached level 5 of The Dungeons of Doom. Score breakdown: Gold: 511 ( 9216 points) Experience: 4 levels ( 9649 points) Exploration: 6 levels ( 12.00%) ( 9583 points) Discoveries: 1 item ( 0.35%) ( 1773 points) Valuables value: (no points given unless you survive) Artifact value: 0 ( 0 points) Variety of kills: 15 monsters ( 3.94%) ( 5952 points) Turncount: 2672 turns ( -428 points) Survival: died (score multiplied by 80%) Total score: 28596 Latest messages: The dwarf swings her broad pick. The dwarf misses. You miss the dwarf. The dwarf swings her broad pick. The dwarf misses. You miss the dwarf. (2x) The dwarf swings her broad pick. The dwarf hits! You feel better. The dwarf swings her broad pick. The dwarf hits! You hit the dwarf. You miss the dwarf. The dwarf swings her broad pick. The dwarf misses. You feel better. The dwarf swings her broad pick. The dwarf hits! You miss the dwarf. (2x) The dwarf swings her broad pick. The dwarf hits! You die... Final status: Goodbye Moray the Priest, killed by a dwarf... You died in The Dungeons of Doom on dungeon level 5 with 28596 points, and 511 pieces of gold, after 2672 moves. You were level 4 with a maximum of 37 hit points when you died.